 Dungeon Crawl Stone Soup version 0.30.0-29-ga12c61a403 (webtiles) character file.

Game seed: 12530923196483454431

1 ChadusMaximus the Caller (level 1, 0/13 HPs)
             Began as a Human Summoner on June 10, 2023.
             Slain by a hobgoblin (4 damage)
             ... on level 1 of the Dungeon.
             The game lasted 00:00:09 (49 turns).

ChadusMaximus the Caller (Human Summoner)             Turns: 49, Time: 00:00:09

Health: 0/13       AC:  2    Str:  8    XL:     1   Next: 22%
Magic:  0/3        EV: 12    Int: 15    God:
Gold:   0          SH:  0    Dex: 13    Spells: 3/4 levels left

rFire   . . .        (no weapon)
rCold   . . .        (no shield)
rNeg    . . .        a - +0 robe
rPois   .            (no helmet)
rElec   .            (no cloak)
rCorr   .            (no gloves)
SInv    .            (no boots)
Will    .....        (no amulet)
Stlth   ++           (no ring)
HPRegen 0.22/turn    (no ring)
MPRegen 0.08/turn

%: no passive effects
@: no status effects
A: no striking features
a: no special abilities


You were on level 1 of the Dungeon.
You visited 1 branch of the dungeon, and saw 1 of its levels.

Inventory:

Armour
 a - a +0 robe (worn)
Potions
 b - a potion of magic


   Skills:
 + Level 2.0 Dodging
 + Level 2.0 Stealth
 + Level 2.0 Spellcasting
 + Level 4.0 Summonings


You had 3 spell levels left.
You knew the following spells:

 Your Spells              Type           Power      Damage    Failure   Level
a - Summon Small Mammal   Summ           52%        N/A       4%          1

Your spell library contained the following spells:

 Spells                   Type           Power      Damage    Failure   Level
 Call Imp                 Summ           26%        N/A       6%          2
 Call Canine Familiar     Summ           13%        N/A       13%         3
 Summon Guardian Golem    Hex/Summ       7%         N/A       28%         3
 Summon Lightning Spire   Summ/Air       7%         N/A       67%         4


Dungeon Overview and Level Annotations

Branches:
Dungeon (1/15)

Altars:


Message History

Your bat hits the hobgoblin but does no damage.
Your bat hits the hobgoblin but does no damage.
The dart slug launches a dart at you. The slug dart misses you.
The slug dart misses your rat. The hobgoblin barely misses your bat.
Your bat hits the hobgoblin but does no damage.
The quokka attacks as you move away!
The quokka bites you but does no damage.
The dart slug launches a dart at you. The slug dart misses you.
The slug dart misses the quokka.
The slug dart hits your rat.
Your rat dies!
Your rat's corpse disappears in a puff of smoke!
The quokka falls through a shaft!
The shaft crumbles and collapses.
Your bat hits the hobgoblin but does no damage.
The dart slug barely misses you.
Your bat hits the hobgoblin but does no damage.
Your magical contamination has completely faded away.
The hobgoblin attacks as you move away! The hobgoblin hits you.
The quokka bites you.
The dart slug bites you but does no damage.
The quokka bites you. The hobgoblin attacks as you move away!
The hobgoblin misses you. The quokka attacks as you move away!
The quokka closely misses you.
Your bat barely misses the hobgoblin.
Your bat hits the hobgoblin.
Your bat closely misses the hobgoblin.
Your bat hits the hobgoblin. The quokka attacks as you move away!
The quokka closely misses you.
Casting: Summon Small Mammal (safe; 4% risk of failure)
Confirm with . or Enter, or press ? or * to list all spells.
You don't have enough magic to cast this spell.
The quokka closely misses you. The quokka attacks as you move away!
The quokka misses you.
Casting: Summon Small Mammal (safe; 4% risk of failure)
Confirm with . or Enter, or press ? or * to list all spells.
The quokka completely misses you.
You swap places.
The quokka bites you.
Your quokka bites the quokka.
The quokka dies!
The hobgoblin attacks as you move away! The hobgoblin hits you.
You die...

... .. .. #. .
#.######. #.......#
########.
#.......######@.......
#.........w..gr♣♣♣#♣♣#
#.......###.##♣♣..♣.<♣
#.......# #.#♣♣......♣
#.......# #..♣......#♣
#.......# ##.♣......♣♣
#......§# #....♣.♣..♣
#.......# #.....⌠...♣
#.......# #....♣.♣..♣


You could see a dart slug (ally target), a hobgoblin and a friendly quokka
(summoned).

Vanquished Creatures (collateral kills)
  A quokka (D:1)
1 creature vanquished.

Notes
Turn   | Place    | Note
-------+----------+-------------------------------------------
     0 | D:1      | ChadusMaximus the Human Summoner began the quest for the
                  | Orb.
     0 | D:1      | Reached XP level 1. HP: 13/13 MP: 3/3
    49 | D:1      | Slain by a hobgoblin

Illustrated notes

Levels and vault maps discovered:
D:1:      amcnicky_arrival_underground_garden, layout_basic, dk_noncrumbling_2

Action                     || total
---------------------------++-------
   Cast: Summon Small Mamm ||     3
 Armour: Robe              ||     3
  Dodge: Dodged            ||    12
